 Dungeon Crawl Stone Soup version 0.28.0-43-g3370ac3207 (webtiles) character file.

Game seed: 13523925525689314304

7378 nickcage the Unseen (level 10, -2/49 HPs)
             Began as a Spriggan Enchanter on Mar 24, 2022.
             Succumbed to a hornet's poison
             ... while paralysed by a hornet
             ... on level 10 of the Dungeon.
             The game lasted 01:16:58 (17871 turns).

nickcage the Unseen (Spriggan Enchanter)           Turns: 17871, Time: 01:16:59

Health: -2/49      AC:  6    Str:  4    XL:     10   Next: 92%
Magic:  6/15       EV:  4    Int: 16    God:
Gold:   541        SH:  0    Dex: 21    Spells: 5/14 levels left

rFire   . . .      SeeInvis +   j - +2 dagger (speed)
rCold   + + .      Faith    .   (no shield)
rNeg    . . .      Spirit   .   E - +2 robe {rC+}
rPois   .          Reflect  .   (helmet restricted)
rElec   .          Harm     .   i - +1 cloak
rCorr   .          Rampage  .   (gloves unavailable)
Will    +....                   (boots unavailable)
Stlth   +++++++...              g - amulet of the acrobat
HPRegen 0.16/turn               q - ring of protection from cold
MPRegen 0.14/turn               (no ring)

@: paralysed, lethally poisoned (-2 -> -21), slowed, very quick
A: very small, no large weapons, unfitting armour, see invisible, speed 3
a: no special abilities


You were on level 10 of the Dungeon.
You visited 2 branches of the dungeon, and saw 11 of its levels.
You also visited: Ossuary and Bailey.

You collected 593 gold pieces.
You spent 52 gold pieces at shops.

Inventory:

Hand Weapons
 j - a +2 dagger of speed (weapon)
 l - a +2 dagger of venom
 u - the +4 short sword "Necif" {pain, *Noise rPois Will+ Stlth+}
   (You found it on level 3 of the Dungeon)

   In the hands of one skilled in necromantic magic, it inflicts extra damage on
   living creatures.
   rPois:     It protects you from poison.
   *Noise:    It may make noises in combat.
   Will:      It increases your willpower.
   Stlth:     It makes you more stealthy.
Missiles
 d - 7 poisoned darts (quivered)
Armour
 b - a +0 robe
 i - a +1 cloak (worn)
 E - a +2 robe of cold resistance (worn)
 G - +0 steam dragon scales
Jewellery
 a - an amulet of magic regeneration
 g - an amulet of the acrobat (around neck)
 m - a +6 ring of strength
 q - a ring of protection from cold (left hand)
 r - a ring of protection from cold
 w - a ring of fire
 D - a ring of protection from cold
 I - an amulet of faith
Wands
 o - a wand of flame (15)
 y - a wand of iceblast (5)
 A - a wand of acid (6)
 B - a wand of mindburst (11)
Scrolls
 e - 3 scrolls of noise
 t - 3 scrolls of fear
 x - 5 scrolls of teleportation
 F - 2 scrolls of identify
 H - 5 scrolls of magic mapping {unknown}
 J - a scroll of holy word
 K - 2 scrolls of enchant armour
 L - a scroll of summoning
 M - a scroll of fog
 N - a scroll of brand weapon {unknown}
Potions
 c - 2 potions of invisibility
 f - 3 potions of berserk rage
 h - 4 potions of brilliance
 k - a potion of ambrosia {unknown}
 n - 2 potions of lignification {unknown}
 p - 3 potions of heal wounds {unknown}
 s - 3 potions of mutation
 v - 4 potions of curing
 z - 4 potions of degeneration
 C - 3 potions of flight {unknown}
 O - a potion of might


   Skills:
 + Level 3.7 Fighting
 - Level 10.0 Short Blades
 - Level 0.1 Staves
 - Level 0.6 Throwing
 - Level 7.1 Dodging
 - Level 16.0 Stealth
 - Level 2.6 Spellcasting
 - Level 5.3 Hexes
 * Level 5.1 Transmutations
 - Level 1.0 Ice Magic
 * Level 3.3 Air Magic


You had 5 spell levels left.
You knew the following spells:

 Your Spells              Type           Power      Damage    Failure   Level
a - Ensorcelled Hibernat  Hex/Ice        24%        N/A       8%          2
b - Tukima's Dance        Hex            19%        N/A       6%          3
c - Sting                 Tmut/Pois      40%        1d5       7%          1
d - Mephitic Cloud        Conj/Pois/Air  5%         N/A       36%         3

Your spell library contained the following spells:

 Spells                   Type           Power      Damage    Failure   Level
 Confusing Touch          Hex            19%        N/A       6%          3
 Animate Skeleton         Necr           4%         N/A       19%         1
 Pain                     Necr           8%         1d4       19%         1
 Dazzling Flash           Conj/Hex       20%        N/A       19%         3
 Portal Projectile        Hex/Tloc       20%        N/A       19%         3
 Call Canine Familiar     Summ           2%         N/A       50%         3
 Vampiric Draining        Necr           2%         2d6       50%         3
 Leda's Liquefaction      Hex/Erth       5%         N/A       54%         4
 Animate Armour           Summ/Erth      4%         N/A       88%         4


Dungeon Overview and Level Annotations

Branches:
Dungeon (10/15)            Temple (1/1) D:5         Ossuary (visited)
 Bailey (visited)
   Lair: D:8-11         Orc: D:9-12

Altars:
Ashenzari
Cheibriados
Elyvilon
Fedhas
Gozag
Hepliaklqana
Kikubaaqudgha
Makhleb
Nemelex Xobeh
Okawaru
Qazlal
Ru
Sif Muna
Trog
Uskayaw
Vehumet
Wu Jian
Xom
Yredelemnul
Zin
The Shining One

Shops:
D:1 (=   D:3 *!   D:6 :   D:10 **!

Annotations:
D:9 3 runed translucent doors, adizb's ghost, journeyman HOFi


Innate Abilities, Weirdness & Mutations

You are very small and have problems with some larger weapons.
You are too small for most types of armour.
You have supernaturally acute eyesight. (SInv)
You cover ground extremely quickly. (Speed+++)


Message History

Aiming: Ensorcelled Hibernation (safe; 8% risk of failure)
Press: ? - help, Shift-Dir - straight line, f/p - hornet
Aim: a hornet (chance to affect: 37%)
The hornet easily resists.
The hornet stings you.
You feel as though you will be slow longer.
The hornet misses you.
Casting: Ensorcelled Hibernation (safe; 8% risk of failure)
Confirm with . or Enter, or press ? or * to list all spells.
Aiming: Ensorcelled Hibernation (safe; 8% risk of failure)
Press: ? - help, Shift-Dir - straight line, f/p - hornet
Aim: a hornet (chance to affect: 37%)
The hornet easily resists.
The hornet misses you. The hornet completely misses you.
The hornet closely misses you.
Casting: Ensorcelled Hibernation (safe; 8% risk of failure)
Confirm with . or Enter, or press ? or * to list all spells.
Aiming: Ensorcelled Hibernation (safe; 8% risk of failure)
Press: ? - help, Shift-Dir - straight line, f/p - hornet
Aim: a hornet (chance to affect: 37%)
The hornet easily resists.
The hornet misses you. x2
Casting: Ensorcelled Hibernation (safe; 8% risk of failure)
Confirm with . or Enter, or press ? or * to list all spells.
Aiming: Ensorcelled Hibernation (safe; 8% risk of failure)
Press: ? - help, Shift-Dir - straight line, f/p - hornet
Aim: a hornet (chance to affect: 37%)
The hornet easily resists.
You feel yourself speed up. The hornet stings you!
You are poisoned.
You feel yourself slow down. The hornet closely misses you.
You feel better. The hornet misses you. The hornet stings you!
* * * LOW HITPOINT WARNING * * *
You are lethally poisoned!
You suddenly lose the ability to move!
* * * LOW HITPOINT WARNING * * *
You feel very sick. The hornet barely misses you. The hornet stings you.
* * * LOW HITPOINT WARNING * * *
You are more poisoned.
You feel as though you will be slow longer.
You die...

..# #..#.....#...# ....
#......###...# ..
....###...#...#...# ..
#........###.#...#
..#######.......#.........
..#..#[.#.........##.#.#.#.
..... .....###....#
.#...#.#
....###.....#.....##.#.###
#.o.o...# #..#@.......
#.......#######yo.#.#.#
#.(###..#..#..#...# #
.....#......#......# #.
..#..#..#.(###.....# #.
..#######..........# .. ..#
#).#.......#....#.# .
#......#####..#.#.#######.#
. ##....## ##.#.#.#.......#


You could see a hornet and an orc wizard.

Vanquished Creatures
  An orc warlord (D:9)
  Pikel (D:8)
  Maggie (D:8)
  A troll (D:10)
  A slime creature (D:10)
  A hornet (D:9)
  Sigmund (D:2)
  A wraith (D:10)
  6 yaks (D:10)
  2 steam dragons
  2 water moccasins (D:9)
  7 orc warriors
  2 black bears
  2 sky beasts
  3 centaurs
  A phantom (D:5)
  A lemure (D:8)
  An elf zombie (Ossuary)
  4 bullfrogs
  A water moccasin zombie (D:4)
  5 killer bees
  3 wights
  A howler monkey (D:8)
  2 electric eels (D:10)
  A centaur zombie (Ossuary)
  3 hounds
  A human zombie (Ossuary)
  A centaur skeleton (D:5)
  4 orc priests
  Crazy Yiuf (D:2)
  A bullfrog skeleton (D:6)
  A gnoll shaman (D:6)
  4 iguanas
  14 orc wizards
  A killer bee zombie (D:5)
  2 mummies (Ossuary)
  A howler monkey zombie (D:8)
  7 adders
  16 gnolls
  A white imp (D:8)
  An adder zombie (Ossuary)
  A worm (D:2)
  2 dart slugs
  43 orcs
  9 bats
  4 endoplasms
  A giant cockroach (D:1)
  27 goblins
  20 hobgoblins
  15 jackals
  6 quokkas
  2 ball pythons
  5 frilled lizards
  A goblin zombie (Ossuary)
  8 hobgoblin zombies (Ossuary)
  A jackal zombie (Ossuary)
  15 kobolds
  11 kobold zombies (Ossuary)
  9 orc zombies (Ossuary)
  7 rats
  2 rat zombies (Ossuary)
300 creatures vanquished.

Vanquished Creatures (collateral kills)
  A wight (D:8)
1 creature vanquished.

Vanquished Creatures (others)
  5 dancing weapons
  A fungus (D:10)
  9 plants
15 creatures vanquished.

Grand Total: 316 creatures vanquished

Notes
Turn   | Place    | Note
-------+----------+-------------------------------------------
     0 | D:1      | nickcage the Spriggan Enchanter began the quest for the
                  | Orb.
     0 | D:1      | Reached XP level 1. HP: 9/9 MP: 5/5
   115 | D:1      | Found Poruten's Jewellery Shop.
   336 | D:1      | Found a faded altar of an unknown god.
   567 | D:1      | Reached XP level 2. HP: 13/13 MP: 6/6
   686 | D:1      | Learned a level 2 spell: Ensorcelled Hibernation
  1227 | D:1      | Found Zeosch's Weapon Shop.
  1987 | D:2      | Found a shimmering blue altar of Sif Muna.
  1989 | D:2      | Reached XP level 3. HP: 16/16 MP: 8/8
  2042 | D:2      | Found a runed translucent door.
  2043 | D:2      | Noticed Crazy Yiuf
  2050 | D:2      | Killed Crazy Yiuf
  2051 | D:2      | Reached skill level 5 in Hexes
  2163 | D:2      | Reached skill level 1 in Ice Magic
  2603 | D:2      | Reached XP level 4. HP: 19/21 MP: 6/9
  3576 | D:2      | Noticed Sigmund
  3585 | D:2      | Killed Sigmund
  3586 | D:2      | Reached skill level 5 in Short Blades
  3586 | D:2      | Reached XP level 5. HP: 13/24 MP: 3/10
  3586 | D:2      | Reached XP level 6. HP: 16/28 MP: 3/11
  3860 | D:3      | HP: 1/28 [gnoll/+3 vorpal halberd (3)]
  4623 | D:3      | Found Fiqirom's General Store.
  4824 | D:3      | Found Kasask's Distillery.
  4900 | D:3      | Identified the +4 short sword "Necif" {pain, *Noise rPois
                  | Will+ Stlth+}
  5646 | D:4      | Reached XP level 7. HP: 31/32 MP: 1/12
  5729 | D:4      | Learned a level 3 spell: Tukima's Dance
  6389 | D:4      | Found a blossoming altar of Fedhas.
  6625 | D:5      | Entered Level 5 of the Dungeon
  6934 | D:5      | Found a staircase to the Ecumenical Temple.
  6943 | Temple   | Entered the Ecumenical Temple
  7601 | D:5      | Found a sacrificial altar of Ru.
  9079 | D:6      | Reached XP level 8. HP: 22/36 MP: 6/13
  9416 | D:6      | Found Qoxer's Self-Improvement Boutique.
 10029 | D:6      | Reached skill level 10 in Short Blades
 10244 | D:6      | Reached skill level 5 in Stealth
 10284 | D:6      | Reached skill level 6 in Stealth
 10595 | D:7      | Found a sand-covered staircase.
 10602 | Ossuary  | Entered an ossuary
 10808 | Ossuary  | Reached skill level 7 in Stealth
 11207 | D:7      | Reached skill level 8 in Stealth
 11370 | D:7      | Reached skill level 1 in Fighting
 11512 | D:7      | Reached skill level 9 in Stealth
 11610 | D:7      | Reached XP level 9. HP: 41/41 MP: 7/14
 12157 | D:8      | Noticed Pikel
 12194 | D:8      | Killed Pikel
 12195 | D:8      | Reached skill level 11 in Stealth
 12642 | D:8      | Noticed Maggie
 12648 | D:8      | Killed Maggie
 12649 | D:8      | Reached skill level 5 in Dodging
 12649 | D:8      | Reached skill level 12 in Stealth
 13917 | D:8      | Reached skill level 13 in Stealth
 14740 | D:9      | Found a runed translucent gate.
 14740 | D:9      | Found a runed translucent gate.
 14740 | D:9      | Found a runed translucent gate.
 14742 | D:9      | Found an opulent altar of Gozag.
 14745 | D:9      | Noticed a four-headed hydra
 14745 | D:9      | Noticed a kobold demonologist
 15002 | D:9      | Found a shimmering blue altar of Sif Muna.
 15128 | D:9      | Reached XP level 10. HP: 47/47 MP: 15/15
 15189 | D:9      | Reached skill level 14 in Stealth
 15302 | D:9      | Found a flagged portal.
 15327 | Bailey   | Entered a bailey
 15582 | Bailey   | Reached skill level 15 in Stealth
 15692 | Bailey   | Noticed an orc warlord
 16036 | D:9      | Killed an orc warlord
 16037 | D:9      | Reached skill level 16 in Stealth
 16245 | D:9      | Found a bloodstained altar of Trog.
 16245 | D:9      | Found an iron altar of Okawaru.
 16245 | D:9      | Found a snail-covered altar of Cheibriados.
 16308 | D:9      | Got the Catalogue of Venom and Clay
 16481 | D:9      | Noticed an orc knight
 16481 | D:9      | Noticed adizb's ghost (journeyman HOFi)
 16510 | D:10     | Entered Level 10 of the Dungeon
 16515 | D:9      | Learned a level 1 spell: Sting
 16519 | D:9      | Learned a level 3 spell: Mephitic Cloud
 16574 | D:10     | Found Usey's Distillery.
 16581 | D:10     | Bought a potion of might for 52 gold pieces
 16683 | D:10     | Reached skill level 1 in Transmutations
 16683 | D:10     | Reached skill level 1 in Air Magic
 17685 | D:10     | Found Imel's Changing Room.
 17761 | D:10     | Found Gawur's Assorted Antiques.
 17821 | D:10     | Reached skill level 5 in Transmutations
 17840 | D:10     | Noticed an orc knight
 17869 | D:10     | Paralysed by a hornet for 3 turns
 17870 | D:10     | HP: 2/49 [hornet (4)]
 17871 | D:10     | Succumbed to a hornet's poison

Illustrated notes

Levels and vault maps discovered:
D:1:      lemuel_arrival_tunnels, layout_basic, serial_shops,
          nicolae_shop_crystal, nicolae_shop_crystal, basic_ecumenical_altar,
          kennysheep_nondescript
D:2:      layout_basic, serial_bayou, serial_bayou_pond_b,
          serial_bayou_crossing, serial_bayou_pond_e, serial_bayou_pond_e,
          serial_bayou_lake_a, basic_altar, uniq_crazy_yiuf_cottage,
          uniq_sigmund
D:3:      layout_loops_cross, serial_shops,
          nicolae_shop_temple_entry_statues_fountains,
          nicolae_shop_hallway_stairs
D:4:      layout_gridville, mainiacjoe_overflow_alcove_4, st_stairs_4,
          kennysheep_path_1
D:5:      layout_layer_cave, nicolae_ru_path_of_blood, minmay_temple_entry_grid,
          hex_tiny
D:6:      layout_loops_ring, nicolae_shop_self_help
D:7:      layout_cave_pods, enter_ossuary_5
D:8:      corexii_shantytown, layout_basic, uniq_maggie, uniq_pikel
D:9:      layout_long_grid, lemuel_blue_sif_altar,
          gammafunk_temple_overflow_claw, ebering_ghost_gozag, enter_bailey_5
D:10:     hangedman_cross_cluster, layout_basic, mainiacjoe_overflow_paths,
          serial_shops, nicolae_take_the_stairs, nicolae_shop_crystal,
          shop_statue, special_room [special_room_bee], fungi_pond_lemuel,
          nicolae_transmutations_shop, dpeg_stationary_puzzle
Temple:   regret_index_temple_waves

Skill      XL: |  1  2  3  4  5  6  7  8  9 10 |
---------------+-------------------------------+-----
Hexes          | 4 5 |  5.3
Ice Magic      | 1 |  1.0
Short Blades   | 5 6 9 10 | 10.0
Stealth        | 9 13 16 | 16.0
Dodging        | 3 6 7 |  7.1
Fighting       | 1 2 3 |  3.7
Transmutations | 5 |  5.1
Air Magic      | 3 |  3.3
Staves         | |  0.1
Throwing       | |  0.6
Spellcasting   | |  2.6

Action                   |  1- 3 |  4- 6 |  7- 9 | 10-12 || total
-------------------------+-------+-------+-------+-------++-------
Melee: Dagger            |   112 |   114 |   645 |   191 ||  1062
       Punch             |     1 |     2 |     8 |     3 ||    14
Throw: Dart              |    14 |    12 |    21 |    65 ||   112
 Cast: Ensorcelled Hiber |    16 |    44 |   100 |    56 ||   216
       Tukima's Dance    |       |       |    11 |     4 ||    15
       Sting             |       |       |       |     1 ||     1
  Use: Scroll            |     2 |       |    15 |       ||    17
       Potion            |       |       |     1 |     1 ||     2
 Stab: Sleeping          |    17 |    42 |    85 |    26 ||   170
Armor: Robe              |    11 |     9 |    28 |    11 ||    59
Dodge: Dodged            |   102 |    75 |   292 |   124 ||   593
